 Dungeon Crawl Stone Soup version 0.30-a0-830-gfe289a77b0 (webtiles) character file.

Game seed: 4080333071256885856

56089 12572944 the Warrior (level 14, 0/207 HPs)
             Began as a Minotaur Fighter on Feb 26, 2023.
             Was the Champion of the Shining One.
             Slain by an orc knight
             ... wielding a +0 long sword of flaming
              (1 damage)
             ... on level 2 of the Orcish Mines on Mar 1, 2023.
             The game lasted 00:55:11 (21432 turns).

12572944 the Warrior (Minotaur Fighter)            Turns: 21432, Time: 00:55:12

Health: 0/207      AC: 24    Str: 20    XL:     14   Next: 40%
Magic:  0/19       EV: 12    Int:  5    God:    the Shining One [******]
Gold:   983        SH:  9    Dex: 16    Spells: 13/13 levels left

rFire   + . .      SeeInvis .    a - +2 scimitar (flame)
rCold   + . .      Faith    .    c - +1 buckler
rNeg    + + +      Spirit   +    s - +5 chain mail of the Brewing Gods {rF+ Slay+2}
rPois   .          Reflect  .    S - +2 hat {Will+}
rElec   .          Harm     .    (no cloak)
rCorr   .          Rampage  .    (no gloves)
Will    ++...                    (no boots) Stlth
                                 v - amulet of guardian spirit
HPRegen 0.54/turn                k - +4 ring of protection
MPRegen 0.16/turn                U - ring of protection from cold

@: mighty, berserking, glowing, studying Fighting, very quick
A: horns 2, retaliatory headbutt
a: Renounce Religion, Divine Shield, Cleansing Flame, Summon Divine Warrior,
Brand Weapon With Holy Wrath


You were on level 2 of the Orcish Mines.
You worshipped the Shining One.
The Shining One was exalted by your worship.
You visited 4 branches of the dungeon, and saw 20 of its levels.
You visited the Abyss 1 time.
You also visited: Sewer, Bailey and Ice Cave.

You collected 1815 gold pieces.
You spent 832 gold pieces at shops.

Inventory:

Hand Weapons
 a - a +2 scimitar of flaming (weapon)
 b - a +1 long sword of protection
 u - a +0 long sword
 F - a +2 heavy falchion
 Q - a +4 dagger
 R - a +0 quick blade
 T - a +4 falchion
Missiles
 j - 164 stones (quivered)
 G - 50 poisoned darts
Armour
 c - a +1 buckler (worn)
 g - a +2 plate armour of positive energy
 s - the +5 chain mail of the Brewing Gods (worn) {rF+ Slay+2}
   (You found it on level 10 of the Dungeon)

   Slay:      It affects your accuracy & damage with ranged weapons and melee
   (+2).
   rF:        It protects you from fire.
 S - a +2 hat of willpower (worn)
 V - the +1 pair of gloves "Zisuod" {rN+ Regen+ Dex-4 SInv}
   (You found it on level 3 of the Lair of Beasts)

   Dex:       It affects your dexterity (-4).
   rN:        It protects you from negative energy.
   SInv:      It lets you see invisible.
   Regen:     It increases your rate of health regeneration.
Jewellery
 i - a +6 ring of intelligence
 k - a +4 ring of protection (left hand)
 v - an amulet of guardian spirit (around neck)
 C - a ring of flight
 E - an amulet of faith
 U - a ring of protection from cold (right hand)
Wands
 d - a wand of paralysis (4)
 n - a wand of flame (67)
 p - a wand of polymorph (6)
 H - a wand of roots (11)
 J - a wand of acid (12)
 K - a wand of mindburst (17)
 X - a wand of digging (9)
Scrolls
 h - 4 scrolls of fear
 l - 3 scrolls of teleportation {@r4}
 r - 6 scrolls of identify {@r1}
 t - 2 scrolls of fog
 x - a scroll of summoning
 y - 2 scrolls of poison
 A - 3 scrolls of enchant armour
 B - 2 scrolls of amnesia
 L - 6 scrolls of enchant weapon
 M - a scroll of blinking
 P - a scroll of magic mapping
Potions
 e - 7 potions of attraction
 f - 2 potions of resistance
 m - 4 potions of mutation
 o - 3 potions of lignification
 q - 2 potions of ambrosia
 w - 4 potions of brilliance
 z - 6 potions of curing {@q1}
 D - 2 potions of flight
 O - 3 potions of might
 Y - a potion of haste {@q3}
 Z - a potion of cancellation
Miscellaneous
 I - a tin of tremorstones (2/2)
 W - a phial of floods


   Skills:
 + Level 16.8 Fighting
 + Level 13.5 Long Blades
 + Level 13.8 Armour
 - Level 10.0 Dodging
 + Level 13.9 Shields
 + Level 9.1 Invocations


You had 13 spell levels left.
You didn't know any spells.
Your spell library contained the following spells:

 Spells                   Type           Power      Damage    Failure   Level
 Foxfire                  Conj/Fire      0%         2x1d4     98%         1
 Cigotuvi's Dreadful Rot  Necr/Pois/Air  0%         N/A       99%         2
 Ensorcelled Hibernation  Hex/Ice        0%         N/A       99%         2
 Lesser Beckoning         Tloc           0%         N/A       99%         2
 Passwall                 Tmut/Erth      0%         N/A       99%         2
 Poisonous Vapours        Pois/Air       0%         N/A       99%         2
 Static Discharge         Conj/Air       0%         2-2/arc   99%         2
 Dazzling Flash           Conj/Hex       0%         N/A       100%        3
 Gell's Gravitas          Tloc           0%         N/A       100%        3
 Ignite Poison            Fire/Tmut/Pois 0%         N/A       100%        3
 Kindle Blastsparks       Fire/Tloc/Air  0%         2d10      100%        3
 Mephitic Cloud           Conj/Pois/Air  0%         N/A       100%        3
 Spider Form              Tmut/Pois      0%         N/A       100%        3
 Swiftness                Air            0%         N/A       100%        3
 Teleport Other           Tloc           0%         N/A       100%        3
 Vhi's Electric Charge    Tloc/Air       0%         N/A       100%        3
 Anguish                  Hex/Necr       0%         N/A       100%        4
 Ice Form                 Ice/Tmut       0%         N/A       100%        4
 Iskenderun's Mystic Bla  Conj/Tloc      0%         2d3       100%        4
 Manifold Assault         Tloc           0%         N/A       100%        4
 Arcjolt                  Conj/Air       0%         1d10      100%        5
 Fireball                 Conj/Fire      0%         3d3       100%        5
 Freezing Cloud           Conj/Ice/Air   0%         6-21      100%        5
 Lightning Bolt           Conj/Air       0%         1d11      100%        5
 Yara's Violent Unravell  Hex/Tmut       0%         3d3       100%        5
 Dispersal                Tloc           0%         N/A       100%        6
 Starburst                Conj/Fire      0%         6d3       100%        6
 Disjunction              Tloc           0%         N/A       100%        8


Dungeon Overview and Level Annotations

Branches:
Dungeon (12/15)            Temple (1/1) D:5            Lair (5/5) D:8
 Shoals (0/4) Lair:3       Spider (0/4) Lair:3        Slime (0/5) Lair:5
    Orc (2/2) D:9             Elf (0/3) Orc:2         Sewer (visited)
 Bailey (visited)           IceCv (visited)

Altars:
Ashenzari
Cheibriados
Dithmenos
Elyvilon
Fedhas
Gozag
Hepliaklqana
Kikubaaqudgha
Makhleb
Nemelex Xobeh
Okawaru
Qazlal
Ru
Sif Muna
Trog
Uskayaw
Vehumet
Wu Jian
Xom
Yredelemnul
Zin
The Shining One

Shops:
D:6 (   D:7 *   D:9 !   Orc:1 **   Orc:2 :*

Annotations:
D:4 exclusion: downstairs
D:9 exclusion: downstairs
Lair:3 2 transporters, exclusion: oklob plant, Palms's ghost, journeyman KoHu
Lair:4 2 transporters
Orc:2 3 exclusions


Innate Abilities, Weirdness & Mutations

You have a pair of horns on your head.
You reflexively headbutt those who attack you in melee.


Message History

You block the orc knight's attack.
You hit the orc knight but do no damage.
The orc knight is moderately wounded.
The orc knight hits you with a +0 great sword!!
* * * LOW HITPOINT WARNING * * *
The orc knight hits you but does no damage.
You barely miss the orc knight.
The orc knight is moderately wounded.
The orc knight hits you but does no damage.
The orc knight hits you with a +0 great sword.
* * * LOW HITPOINT WARNING * * *
You feel very mighty all of a sudden.
The orc knight hits you but does no damage.
You block the orc knight's attack.
A red film seems to cover your vision as you go berserk!
You feel yourself moving faster!
You feel mighty! The orc knight misses you. The orc knight closely misses you.
You closely miss the orc knight.
The orc knight is moderately wounded.
You slash the orc knight! You burn the orc knight. You headbutt the orc knight!
The orc knight is almost dead.
The orc knight hits you with a +0 long sword of flaming!!
* * * LOW HITPOINT WARNING * * *
The orc knight burns you.
* * * LOW HITPOINT WARNING * * *
The orc knight hits you with a +0 great sword!!
The Shining One protects you from harm!
You slice the orc knight!! You burn the orc knight.
You kill the orc knight!
You hit the orc knight. You burn the orc knight.
The orc knight is lightly wounded.
You block the orc knight's attack.
You slash the orc knight! You burn the orc knight. You headbutt the orc knight!
The orc knight is heavily wounded.
You slash the orc knight! You burn the orc knight! You headbutt the orc knight.
The orc knight is almost dead.
The orc knight hits you with a +0 long sword of flaming!
* * * LOW HITPOINT WARNING * * *
The orc knight burns you.
You die...

#..............
##....#.#...#..
##...####.#...
#...## .....
##...# ....
#...## ##.##
#...# # ##@## ..#
#o).# #####3...
##..## ##o).4....
#.)..###hoo3.3...
##....#†.####∩...
###....§§≈≈.# #
#.....≈§o≈#
.........§≈≈≈#
.........§§≈≈≈#


You could see an orc knight (strong).

Vanquished Creatures
  Gastronok (Lair:2)
  2 vault guards (Bailey)
  4 hydras
  Erica (Lair:2)
  A boulder beetle (Lair:5)
  8 death yaks
  A two-headed ogre (D:11)
  2 orc high priests (Orc:2)
  4 skeletal warriors (D:11)
  A wizard (D:10)
  An orc knight (Orc:2)
  An orc sorcerer (Orc:2)
  An ugly thing (D:11)
  3 cyclopes
  3 elephants (Lair:5)
  A merfolk siren (Lair:3)
  A black mamba (Lair:5)
  14 cane toads
  A torpor snail (Lair:5)
  A dire elephant skeleton (Lair:5)
  A gargoyle (D:11)
  An unseen horror (D:11)
  2 rime drakes
  7 komodo dragons
  5 kobold demonologists
  A freezing wraith (IceCv)
  3 ice devils (IceCv)
  A hornet (D:11)
  4 trolls
  2 polar bears
  5 slime creatures
  5 large abominations (D:10)
  A spriggan (Lair:3)
  A dire elephant simulacrum (IceCv)
  62 yaks
  2 shadows
  3 wyverns
  7 humans (Bailey)
  6 basilisks
  2 steam dragons (D:10)
  2 wraiths (D:11)
  3 death yak simulacra (IceCv)
  A redback (Lair:3)
  5 wargs (Orc:2)
  A harpy simulacrum (IceCv)
  Duvessa (D:7)
  2 swamp worms (Lair:1)
  10 water moccasins
  2 acid dragons
  3 ice beasts
  11 orc warriors
  3 black bears
  An elephant zombie (Lair:5)
  A sky beast (D:7)
  4 ogres
  9 wolves
  3 centaurs
  4 kobold brigands
  3 phantoms
  A gnoll sergeant (D:10)
  17 bullfrogs
  A two-headed ogre simulacrum (IceCv)
  3 necrophages
  7 scorpions
  A cane toad simulacrum (IceCv)
  7 small abominations (D:10)
  4 wights (D:8)
  2 troll zombies (D:9)
  Dowan (D:7)
  An elephant simulacrum (IceCv)
  12 killer bees
  An electric eel (Lair:5)
  2 jellies
  3 hounds
  14 orc priests
  4 iguanas
  6 hell rats
  16 orc wizards
  Natasha (thrice) (D:3)
  A polar bear simulacrum (IceCv)
  A spriggan simulacrum (IceCv)
  4 ogre zombies (D:9)
  3 wolf simulacra (IceCv)
  8 gnolls
  7 adders
  A naga simulacrum (IceCv)
  2 river rats (Sewer)
  3 white imps
  7 ufetubi
  A dart slug (D:4)
  47 orcs
  9 endoplasms
  9 giant cockroaches
  11 goblins
  9 hobgoblins
  2 jackals (D:2)
  10 quokkas
  5 ball pythons
  11 bats
  3 frilled lizards
  2 goblin zombies (D:9)
  2 hobgoblin skeletons (D:9)
  A hobgoblin zombie (D:9)
  15 kobolds
  2 orc skeletons (D:9)
  12 orc zombies (D:9)
  6 rats
542 creatures vanquished.

Vanquished Creatures (collateral kills)
  A two-headed ogre (D:8)
  Prince Ribbit (Bailey)
2 creatures vanquished.

Vanquished Creatures (others)
  6 demonic plants (D:8)
  12 fungi
  22 plants
  27 withered plants (Lair:5)
67 creatures vanquished.

Grand Total: 611 creatures vanquished

Notes
Turn   | Place    | Note
-------+----------+-------------------------------------------
     0 | D:1      | 12572944 the Minotaur Fighter began the quest for the Orb.
     0 | D:1      | Reached XP level 1. HP: 19/19 MP: 0/0
   163 | D:1      | Reached skill level 1 in Dodging
   175 | D:1      | Reached XP level 2. HP: 24/27 MP: 1/1
   587 | D:2      | Reached XP level 3. HP: 27/33 MP: 2/2
   681 | D:2      | Reached skill level 4 in Fighting
  1200 | D:3      | Noticed Natasha
  1209 | D:3      | Killed Natasha
  1210 | D:3      | Reached XP level 4. HP: 40/40 MP: 3/3
  1233 | D:3      | Identified the +4 spear "Worm's Wrath" {freeze, *Slow
                  | Str+5}
  1240 | D:3      | Noticed Natasha
  1252 | D:3      | Killed Natasha
  1268 | D:3      | Noticed Natasha
  1276 | D:3      | Killed Natasha
  1458 | D:3      | Reached XP level 5. HP: 45/47 MP: 4/4
  2081 | D:4      | Reached XP level 6. HP: 53/53 MP: 5/5
  2190 | D:4      | !bestwep
  2284 | D:4      | !bestwep
  2408 | D:5      | Entered Level 5 of the Dungeon
  2424 | D:5      | Found a staircase to the Ecumenical Temple.
  2442 | D:5      | Noticed an ice beast
  2484 | D:5      | Killed an ice beast
  2485 | D:5      | Reached skill level 5 in Fighting
  2485 | D:5      | Reached skill level 5 in Shields
  2526 | D:5      | Found a glowing drain.
  2537 | Sewer    | Entered a sewer
  2546 | Sewer    | Reached skill level 5 in Armour
  2593 | Sewer    | Reached XP level 7. HP: 45/60 MP: 6/6
  2715 | Temple   | Entered the Ecumenical Temple
  3001 | Temple   | Became a worshipper of the Shining One
  3034 | D:5      | Noticed a yak
  3034 | D:5      | Noticed a yak
  3046 | D:5      | Noticed a yak
  3047 | D:5      | Noticed a yak
  3062 | D:4      | Killed a yak
  3063 | D:4      | Reached skill level 5 in Dodging
  3380 | D:4      | Reached skill level 5 in Long Blades
  3380 | D:4      | Reached XP level 8. HP: 16/70 MP: 3/7
  3646 | D:4      | Reached skill level 6 in Fighting
  4528 | D:6      | Found Meovitz's Weapon Boutique.
  4551 | D:6      | Reached XP level 9. HP: 78/78 MP: 8/8
  4591 | D:6      | Reached skill level 7 in Fighting
  4605 | D:6      | !bestweo
  4605 | D:6      | !bestwep
  5238 | D:7      | Noticed Dowan
  5238 | D:7      | Noticed Duvessa
  5249 | D:7      | Killed Dowan
  5282 | D:7      | Killed Duvessa
  5377 | D:7      | Found Ujues's Assorted Antiques.
  5555 | D:7      | Reached * piety under the Shining One
  5933 | D:7      | Identified the +1 robe of Isiw {Int+2 SInv}
  6255 | D:8      | !bestwep
  6690 | D:8      | Noticed a two-headed ogre
  6698 | D:8      | Killed a two-headed ogre
  6699 | D:8      | Reached skill level 8 in Fighting
  6699 | D:8      | Reached XP level 10. HP: 88/88 MP: 9/9
  6840 | D:8      | Found a staircase to the Lair.
  7132 | D:8      | Upgraded the game from 0.30-a0-808-g6e0788376e to
                  | 0.30-a0-824-g6c64550be9
  7339 | D:9      | Reached ** piety under the Shining One
  7515 | D:9      | Identified the +3 plate armour of the Usurping Gods {-Tele
                  | Harm rPois}
  7648 | D:9      | Found Maof's Distillery.
  7819 | D:9      | Reached skill level 10 in Dodging
  7823 | D:9      | Reached *** piety under the Shining One
  7834 | D:9      | Found a staircase to the Orcish Mines.
  8178 | D:9      | Reached **** piety under the Shining One
  8394 | D:9      | Noticed a cyclops
  8409 | D:9      | Killed a cyclops
  8410 | D:9      | Reached skill level 9 in Fighting
  8680 | D:10     | Entered Level 10 of the Dungeon
  8722 | D:10     | Found a flagged portal.
  8758 | D:10     | Reached skill level 1 in Invocations
  8764 | Bailey   | Entered a bailey
  8954 | Bailey   | Reached XP level 11. HP: 85/97 MP: 8/11
  9031 | Bailey   | Noticed a vault guard
  9031 | Bailey   | Noticed Prince Ribbit
  9039 | Bailey   | Killed Prince Ribbit
  9055 | Bailey   | Killed a vault guard
  9140 | Bailey   | Noticed a vault guard
  9164 | Bailey   | Killed a vault guard
  9348 | D:10     | !bestwep
  9503 | D:10     | Found an opulent altar of Gozag.
  9831 | D:10     | Noticed a wizard
  9831 | Abyss:2  | Cast into level 2 of the Abyss (a wizard)
  9845 | D:10     | Escaped the Abyss
  9953 | Lair:1   | Entered Level 1 of the Lair of Beasts
  9955 | Lair:1   | Identified a scroll of acquirement
  9955 | Lair:1   | Acquired a manual of Fighting
 10109 | Lair:1   | Reached skill level 10 in Fighting
 10315 | D:8      | Reached skill level 10 in Armour
 10315 | D:8      | Reached skill level 10 in Shields
 10433 | D:8      | !bestwep
 11064 | Lair:1   | !bestwe[
 11064 | Lair:1   | !bestwep
 11139 | Lair:1   | Reached ***** piety under the Shining One
 11566 | Lair:1   | Reached skill level 10 in Long Blades
 11618 | Lair:2   | Noticed Gastronok
 11652 | Lair:2   | Killed Gastronok
 11653 | Lair:2   | Reached skill level 11 in Fighting
 12311 | Lair:2   | Reached XP level 12. HP: 75/110 MP: 9/14
 12793 | Lair:2   | Found a sparkling altar of Nemelex Xobeh.
 12794 | Lair:2   | Noticed Erica
 12805 | Lair:2   | Killed Erica
 12806 | Lair:2   | Reached skill level 5 in Invocations
 12807 | Lair:2   | !bestwep
 12947 | Lair:2   | Got the Atlas of Congelation and Spellbinding
 13521 | Lair:3   | Reached skill level 12 in Fighting
 13586 | Lair:3   | Noticed a death yak
 13597 | Lair:3   | Killed a death yak
 13682 | Lair:3   | Found a hole to the Spider Nest.
 13945 | Lair:3   | Identified the +1 pair of gloves "Zisuod" {rN+ Regen+ Dex-4
                  | SInv}
 14119 | Lair:3   | Found a transporter.
 14119 | Lair:3   | Found a transporter.
 14296 | Lair:3   | Noticed Palms's ghost (journeyman KoHu)
 14346 | Lair:3   | Found a staircase to the Shoals.
 14831 | Lair:4   | Noticed a six-headed hydra
 14839 | Lair:4   | Killed a two-headed hydra
 14840 | Lair:4   | Reached skill level 13 in Fighting
 14843 | Lair:4   | Noticed a five-headed hydra
 14850 | Lair:4   | Killed a two-headed hydra
 15011 | Lair:4   | Found a frozen archway.
 15020 | IceCv    | Entered an ice cave
 15430 | IceCv    | Reached XP level 13. HP: 111/123 MP: 17/17
 15743 | Lair:4   | Found a transporter.
 15744 | Lair:4   | Found a transporter.
 15923 | Lair:4   | Reached skill level 14 in Fighting
 16766 | Lair:5   | Entered Level 5 of the Lair of Beasts
 17153 | Lair:5   | Upgraded the game from 0.30-a0-824-g6c64550be9 to
                  | 0.30-a0-830-gfe289a77b0
 17183 | Lair:5   | Noticed a dire elephant
 17183 | Lair:5   | Noticed a dire elephant
 17199 | Lair:5   | Reached ****** piety under the Shining One
 17203 | Lair:5   | Noticed a dire elephant
 17466 | Lair:5   | Found a staircase to the Slime Pits.
 17491 | Lair:5   | Reached skill level 15 in Fighting
 19288 | D:10     | Identified the +5 chain mail of the Brewing Gods {rF+
                  | Slay+2}
 19449 | D:11     | Reached XP level 14. HP: 109/136 MP: 19/19
 19452 | D:11     | Reached skill level 16 in Fighting
 20680 | Orc:1    | Entered Level 1 of the Orcish Mines
 20734 | Orc:1    | Found Kofiefac's Assorted Antiques.
 20758 | Orc:1    | Found Azxoeki's General Store.
 20999 | Orc:1    | Bought a runed plate armour for 832 gold pieces
 21132 | Orc:2    | Entered Level 2 of the Orcish Mines
 21197 | Orc:2    | Found a staircase to the Elven Halls.
 21380 | Orc:2    | Found Olaed's Book Shoppe.
 21380 | Orc:2    | Found Ymukhlesu's General Store.
 21428 | Orc:2    | The Shining One protects you from harm!
 21432 | Orc:2    | HP: 1/207 [orc knight/+0 long sword of flaming (16)]
 21432 | Orc:2    | Slain by an orc knight

Illustrated notes #.......# # #.......# #.......# #.......# #.......# ###.##### #.# #.#### #..@.# ####.# #'# #.........# #.........# #.........# #.......... #........... ########..... Turn 2190 on D:4: !bestwep #.##### #.......# #.#.#...#.# #.# #.......# #.#.#.#...# #.#### #.......#####.#.#.#.#.## #..[.# #.............#.#.#.#... ####.# #.........#.#...#.#. ####'### #.........# #####.## .......# #)........# ..# .......# #..)......# #### .......#######.†@......## ......................... ..............##.)....... #####.........##......... #.........##......... #.........##......... #.........##......... #.........##......... #.........##......... Turn 2284 on D:4: !bestwep ##. ...# ....... .... #..## ....... ....# #?.. ....... .....# ##.## ....... .....##...##....... #........[[...... #......†......... ###..))<......... #.∩...@.......... #.....###.......) ##....# ##....... .....# #...... #...... . .... #......# ...... #.....# #.####.. ..... .#....[ #.. .?! #. [....?. .. #....... Turn 4605 on D:6: !bestweo ..#....... #...........# ######..#5..... #.#.###.#...# #....#..##..z.z #.#.# #.#...# .......5....# #.#.# #.#...# .####.....##...# #.#.# #.#...# ......<...'..z.# #.#.# #.#...# .###.#....#....# #.#.# #.#.... .. ...!.#'#'#######.#.# #.##.## ... ............@.....#.# #.# .. ∩..###....########## #.# . .... #....# #.# ..... ......# #.# 5...####.##'## #.# #. #. #.# . '. #.# #.# #.# Turn 6255 on D:8: !bestwep ######..####.###,.,,,,,* ###.......# *...#.#****,* #...############.#.# *,* #.#....#####.......# *,* ..####.#...#.....#*# *,* ...# #.#.#.#.....#.#####,* ...###...#.......#.§.D..,* ......#######...§§§§.§#*** ##....+,,,,,#...@.§...# #....#****,#..§§§§~..# *#....#,,<*,##.....~..# ,+....#,,,,,*#....~~..# *#..###***+**#........# ,...#,,,,,,,,#........# ....#,,,,,,,,#........# ,,,,*,,,,,,,,########## *****,,,,,,,,* Turn 9348 on D:10: !bestwep

#..## ### #.## ######## #
###.#### #.###..###.##...#### #
#....###....#.....#..####.# #
#####.#......#......## #.######
###.#......[........#.###.##....
##...............##...###'..#####
#.........#.###..#.###...#####...
....###.#.#####†.#######†# #.##
#.####..##.# #.#@# #....# #.# ###
############# ###### #.#
..#####.......##.######## #.#
.................#......# #.#
...##...................######.#
..>'....................'......#
...######...............########
...# #♣....)###......# ...#
#.....## #......#


Turn 10433 on D:8: !bestwep ##..P######.######. ##.................
#P.....###......... ##....#..#....Y.Y.. #....#..#....Y.... ##....+............
#........#...#####. #........#.Y. #. #P@...#..#... #. ##....###.. #.........
.....?... #........ #.#..##.. #.#### .. #.# Turn 11064 on Lair:1: !bestwe[
............###### ##............ .............### .P####...#..
.............P.## .## #...... ..........P.....# ...# ##..... ..........##....#
...# #..... ...........#....###...## #..#.... ............#.....:....# #.......
.......#....##..................# ....P#.#P....P..@..._.......##...
.....#####.......#...... ..# #.. ...### ###.....# ....# ##. ...# ##....# ...#
..## ##..## ### ..# #.## #.# .## ### #. Turn 12807 on Lair:2: !bestwep

Levels and vault maps discovered:
D:1:      dpeg_arrival_tiny_d, layout_basic
D:2:      layout_rooms
D:3:      minmay_evil_eye, layout_basic, uniq_natasha
D:4:      layout_basic
D:5:      lemuel_ice_spiral_2, layout_rooms, minmay_temple_entry_large_hall,
          gup_sewer_entry_pipe, nicolae_fountain_basement
D:6:      layout_cave_pools, serial_shops, shop, nrook_loot_triangle
D:7:      layout_basic, serial_shops, kennysheep_mini_moat, uniq_duvessa
D:8:      layout_basic, erik_lair_dragon, serial_demonic, serial_demonic_a,
          serial_demonic_b, serial_demonic_e, serial_demonic_d, serial_demonic_d
D:9:      layout_long_grid, zombieorc1_lemuel, serial_shops, shop_statue
D:10:     layout_basic, lemuel_round_altar, enter_bailey_5, laboratory
D:11:     layout_small_grid
D:12:     layout_rooms
Temple:   nicolae_temple_the_god_donut
Lair:1:   layout_chaotic_city, worms_lemuel
Lair:2:   layout_layer_cave, basic_altar, uniq_erica, uniq_gastronok
Lair:3:   layout_roguey, minmay_shoals_entry_lonely_mermaid,
          spider_nest_entry_rubble, nzn_ghost_randoct, roderic_batcave,
          grunt_forest_large_clearing_hut
Lair:4:   gammafunk_boulding_lane, layout_long_grid,
          portal_ice_cave_entry_pillars_1, chequers_serial_rivers_room_b,
          minmay_hedge_maze
Lair:5:   due_jungle_book, layout_misc_corridors, slime_entry_1,
          infiniplex_staircase_pool, serial_bayou_shore_b
Orc:1:    layout_caves, serial_shops, nicolae_shop_crystal,
          nicolae_shop_window_shopping
Orc:2:    pf_orc_diabolical, layout_caves, enter_volcano_3,
          guppyfry_orc_lava_fort

Skill      XL: |  1  2  3  4  5  6  7  8  9 10 11 12 13 14 |
---------------+-------------------------------------------+-----
Dodging        | 1 2 3 4 5 7 9 10 | 10.0
Fighting       | 4 5 6 8 9 11 13 15 16 | 16.8
Shields        | 4 5 6 7 9 10 12 13 | 13.9
Armour         | 4 5 6 7 9 10 12 13 | 13.8
Long Blades    | 3 4 5 6 7 8 10 11 13 | 13.5
Invocations    | 1 4 6 8 9 |  9.1

Action                     |  1- 3 |  4- 6 |  7- 9 | 10-12 | 13-15 || total
---------------------------+-------+-------+-------+-------+-------++-------
  Melee: Long sword        |    91 |   144 |   258 |       |       ||   493
         Headbutt          |    13 |    27 |    51 |   243 |   215 ||   549
         Falchion          |       |       |    17 |   568 |       ||   585
         Scimitar          |       |       |       |   266 |   627 ||   893
 Invoke: Divine Shield     |       |       |       |     2 |     3 ||     5
  Evoke: Wand              |       |       |       |     5 |       ||     5
    Use: Scroll            |       |    11 |    11 |     9 |     5 ||    36
         Potion            |       |       |     1 |       |     4 ||     5
 Armour: Scale mail        |    46 |       |       |       |       ||    46
         Chain mail        |       |    74 |   146 |   279 |   212 ||   711
  Dodge: Dodged            |    35 |    50 |   150 |   358 |   204 ||   797
  Block: Buckler           |    18 |    34 |    75 |   302 |   211 ||   640

Table legend: (Time is in decaauts)
 A = Elapsed time spent in this place.
 B = Non-inter-level travel time spent in this place.
 C = Inter-level travel time spent in this place.
 D = Time resting spent in this place.
 E = Time spent auto-exploring this place.
 F = Levels seen in this place.
 G = Mean time per level.
                   A        B        C        D        E       F      G
               +--------+--------+--------+--------+--------+-----+--------+
         Total |  21404 |  19638 |   1766 |   3487 |  11890 |  24 |  891.8 |
       Dungeon |  11727 |  10458 |   1269 |   1630 |   6385 |  12 |  977.2 |
        Temple |    307 |    265 |     42 |      0 |    246 |   1 |  307.0 |
          Lair |   7550 |   7107 |    443 |   1338 |   4685 |   5 | 1510.0 |
  Orcish Mines |    715 |    704 |     11 |      0 |    514 |   2 |  357.5 |
         Abyss |     13 |     13 |      0 |      0 |      0 |   1 |   13.0 |
         Sewer |    141 |    141 |      0 |      0 |     58 |   1 |  141.0 |
        Bailey |    510 |    510 |      0 |    248 |      0 |   1 |  510.0 |
      Ice Cave |    437 |    437 |      0 |    271 |      0 |   1 |  437.0 |
               +--------+--------+--------+--------+--------+-----+--------+

Top non-repeatable levels by time:
  Lair:4: 1910 daAuts
     D:8: 1816 daAuts
  Lair:2: 1815 daAuts
     D:9: 1499 daAuts
     D:4: 1432 daAuts
  Lair:1: 1320 daAuts
    D:11: 1279 daAuts
  Lair:3: 1267 daAuts
  Lair:5: 1235 daAuts
     D:5: 955 daAuts
     D:7: 912 daAuts
    D:10: 891 daAuts
     D:3: 700 daAuts
     D:2: 599 daAuts
     D:6: 579 daAuts
